 Dungeon Crawl Stone Soup version 0.28.0-53-g5a82cb258f (webtiles) character file.

Game seed: 9473707803037159642

51478 Peloso the Peltast (level 14, -3/124 HPs)
             Began as a Minotaur Fighter on July 3, 2022.
             Was a High Priest of Okawaru.
             Slain by a slime creature (9 damage)
             ... on level 14 of the Dungeon.
             The game lasted 00:48:22 (25356 turns).

Peloso the Peltast (Minotaur Fighter)              Turns: 25356, Time: 00:48:22

Health: -3/124     AC: 22    Str: 32    XL:     14   Next: 23%
Magic:  15/15      EV: 11    Int:  3    God:    Okawaru [*****.]
Gold:   1255       SH: 10    Dex: 15    Spells: 13/13 levels left

rFire   + . .      SeeInvis .   a - +12 rapier of Action {venom, rElec Will+ Int+3}
rCold   + + .      Faith    .   e - +2 buckler {rC+ rF+}
rNeg    . . .      Spirit   .   I - +0 plate armour
rPois   .          Reflect  .   n - +0 hat "Xuunuvu" {rC+ Str+9 Int-5 Dex+2}
rElec   +          Harm     .   (no cloak)
rCorr   +          Rampage  .   s - +0 pair of gloves
Will    ++...                   k - +2 pair of boots
Stlth   ..........              (no amulet)
HPRegen 0.30/turn               M - +4 ring of slaying
MPRegen 0.14/turn               L - ring of resist corrosion

@: no status effects
A: horns 2, retaliatory headbutt
a: Renounce Religion, Heroism, Finesse, Duel


You were on level 14 of the Dungeon.
You worshipped Okawaru.
Okawaru was extremely pleased with you.
You visited 4 branches of the dungeon, and saw 21 of its levels.
You also visited: Ossuary.

You collected 1806 gold pieces.
You spent 551 gold pieces at shops.

Inventory:

Hand Weapons
 a - the +12 rapier of Action (weapon) {venom, rElec Will+ Int+3}
   (You found it on level 7 of the Dungeon)

   It poisons the flesh of those it strikes.
   Int:       It affects your intelligence (+3).
   rElec:     It insulates you from electricity.
   Will:      It increases your willpower.
 b - a +1 falchion of flaming
 c - a +5 scimitar
 m - a +1 double sword of protection
 r - the +4 long sword of Byxzezy {drain, rCorr Dex+4}
   (You bought it in a shop on level 2 of the Orcish Mines)

   A truly terrible weapon, it drains the life of any living foe it strikes.
   Dex:       It affects your dexterity (+4).
   rCorr:     It protects you from acid and corrosion.
Armour
 e - a +2 buckler of resistance (worn)
 k - a +2 pair of boots (worn)
 n - the +0 hat "Xuunuvu" (worn) {rC+ Str+9 Int-5 Dex+2}
   (Okawaru gifted it to you on level 1 of the Orcish Mines)

   Str:       It affects your strength (+9).
   Int:       It affects your intelligence (-5).
   Dex:       It affects your dexterity (+2).
   rC:        It protects you from cold.
 s - a +0 pair of gloves (worn)
 I - a +0 plate armour (worn)
Jewellery
 A - a ring of protection from fire
 F - a ring of protection from fire
 L - a ring of resist corrosion (right hand)
 M - a +4 ring of slaying (left hand)
 N - a ring of ice
Wands
 v - a wand of flame (48)
 B - a wand of iceblast (31)
Scrolls
 g - 9 scrolls of identify
 h - 3 scrolls of noise
 j - 3 scrolls of summoning
 l - 5 scrolls of teleportation
 p - a scroll of amnesia
 K - 4 scrolls of magic mapping
 O - 3 scrolls of immolation
 P - a scroll of holy word
Potions
 d - 6 potions of might
 f - 7 potions of heal wounds
 i - 3 potions of invisibility
 o - 12 potions of curing
 q - 2 potions of haste
 t - 2 potions of brilliance
 u - 2 potions of berserk rage
 w - 6 potions of flight
 E - a potion of mutation


   Skills:
 + Level 11.5 Fighting
 + Level 13.2(14.3) Short Blades
 + Level 10.1(13.4) Long Blades
 + Level 14.9 Armour
 + Level 5.2 Dodging
 + Level 1.8 Stealth
 + Level 15.2 Shields
 + Level 3.1 Invocations
 + Level 1.2 Evocations


You had 13 spell levels left.
You didn't know any spells.
Your spell library contained the following spells:

 Spells                   Type           Power      Damage    Failure   Level
 Shock                    Conj/Air       0%         1d3       98%         1
 Sting                    Tmut/Pois      0%         1d3       98%         1
 Poisonous Vapours        Pois/Air       0%         N/A       99%         2
 Sublimation of Blood     Necr           0%         N/A       99%         2
 Wereblood                Tmut           0%         N/A       99%         2
 Swiftness                Air            0%         N/A       100%        3
 Airstrike                Air            0%         N/A       100%        4
 Fulminant Prism          Conj/Hex       0%         3d6       100%        4
 Iskenderun's Mystic Bla  Conj/Tloc      0%         2d3       100%        4
 Leda's Liquefaction      Hex/Erth       0%         N/A       100%        4
 Olgreb's Toxic Radiance  Pois           0%         N/A       100%        4
 Lee's Rapid Deconstruct  Erth           0%         3d5*      100%        5
 Statue Form              Tmut/Erth      0%         N/A       100%        6
 Summon Small Mammal      Summ           Unusable   N/A       N/A         1
 Call Canine Familiar     Summ           Unusable   N/A       N/A         3
 Summon Guardian Golem    Hex/Summ       Unusable   N/A       N/A         3
 Summon Hydra             Summ           Unusable   N/A       N/A         7

Dungeon Overview and Level Annotations

Branches:
Dungeon (14/15)            Temple (1/1) D:5            Lair (4/6) D:9
  Swamp (0/4) Lair:2        Snake (0/4) Lair:3          Orc (2/2) D:10
    Elf (0/3) Orc:2        Vaults (0/5) D:14        Ossuary (visited)

Altars:
Ashenzari
Cheibriados
Dithmenos
Elyvilon
Fedhas
Gozag
Hepliaklqana
Kikubaaqudgha
Makhleb
Nemelex Xobeh
Okawaru
Qazlal
Ru
Sif Muna
Trog
Uskayaw
Vehumet
Wu Jian
Xom
Yredelemnul
Zin
The Shining One
Beogh

Shops:
D:2 (=(   Orc:2 *([(*

Annotations:
D:10 2 transporters, Peloso's ghost, novice MiFi
Lair:4 Casa


Innate Abilities, Weirdness & Mutations

You have a pair of horns on your head.
You reflexively headbutt those who attack you in melee.


Message History

* * * LOW HITPOINT WARNING * * *
The slime creature hits you.
* * * LOW HITPOINT WARNING * * *
You impale the slime creature!!
You kill the slime creature!
Okawaru accepts your kill.
Unknown command.
You puncture the slime creature!
The slime creature is moderately wounded.
The slime creature hits you but does no damage.
A large slime creature splits.
Unknown command.
You puncture the slime creature!
The slime creature is poisoned.
The slime creature is moderately wounded.
Unknown command.
You impale the slime creature!!
The slime creature is severely wounded.
The slime creature hits you!
* * * LOW HITPOINT WARNING * * *
The slime creature hits you!
* * * LOW HITPOINT WARNING * * *
The slime creature hits you.
* * * LOW HITPOINT WARNING * * *
You barely miss the slime creature.
The slime creature is severely wounded.
Unknown command.
You impale the slime creature!!
You kill the slime creature!
Okawaru accepts your kill. The slime creature misses you.
The slime creature hits you but does no damage.
Unknown command.
You barely miss the slime creature.
Your headbutt misses the slime creature.
The slime creature is moderately wounded.
Unknown command.
You impale the slime creature!!
The slime creature is almost dead.
The slime creature hits you!
You die...

#### ##...# # ......#
############ ###
.......######.....##...#
..##
......J................#
...####
......J@..........##..##
........
.........#........##..#
........
.....#####.......##..##
......# #...
#..>...###..## ......#
#.. #......###..#.##
......## ##
#.....####.#...#
.......# #....##
#......# .......##
#..### ##.......
........##### ###
##........


You could see 2 slime creatures.

Vanquished Creatures
  Saint Roka (Orc:1)
  An orc warlord (Orc:1)
  Harold (Lair:2)
  Fannar (Lair:2)
  3 hydras
  6 two-headed ogres
  3 boulder beetles
  A catoblepas (Lair:4)
  3 centaur warriors
  2 tengu warriors (D:13)
  Sonja (Lair:1)
  4 deep elf pyromancers
  2 orc knights
  An orc sorcerer (Orc:2)
  2 manticores
  An ugly thing (D:13)
  2 oklob plants
  2 cyclopes (D:12)
  Joseph (Lair:1)
  A moth of wrath (shapeshifter) (D:14)
  2 black mambas
  Maggie (Lair:2)
  4 cane toads
  Psyche (D:7)
  2 rime drakes (Lair:3)
  3 komodo dragons
  3 tengu conjurers
  A queen bee (shapeshifter) (D:13)
  A polar bear (Lair:3)
  6 trolls
  2 hornets (D:13)
  A raiju (shapeshifter) (D:14)
  6 blink frogs
  7 slime creatures (D:14)
  3 vampires
  2 wyverns
  A human (shapeshifter) (D:14)
  4 basilisks
  2 shadows
  32 yaks
  3 steam dragons
  4 nagas (Lair:3)
  11 vampire mosquitoes
  4 wargs
  Duvessa (D:5)
  Edmund (D:5)
  An acid dragon (D:9)
  8 water moccasins
  45 orc warriors
  A black bear (Lair:4)
  2 sky beasts
  A necrophage (D:5)
  4 boggarts (D:14)
  6 ogres
  23 centaurs
  2 kobold brigands
  9 bullfrogs
  A scorpion (D:5)
  Dowan (D:5)
  A wyvern skeleton (D:4)
  6 killer bees
  An oklob sapling (D:13)
  5 wights
  An electric eel (D:8)
  4 howler monkeys
  A bullfrog zombie (D:6)
  4 centaur zombies
  4 hounds
  15 orc priests
  2 bullfrog skeletons
  3 iguanas
  A scorpion zombie (D:5)
  16 orc wizards
  A killer bee zombie (D:7)
  A hound skeleton (D:5)
  3 mummies (Ossuary)
  4 gnolls
  2 howler monkey zombies
  9 adders
  A howler monkey skeleton (D:5)
  A white imp (D:7)
  2 adder zombies (Ossuary)
  An adder skeleton (D:4)
  A worm (D:2)
  57 orcs
  10 endoplasms
  6 giant cockroaches
  A gnoll zombie (Ossuary)
  2 goblins (D:3)
  3 hobgoblins
  10 jackals
  20 kobolds
  13 ball pythons
  5 bats
  A frilled lizard (D:3)
  2 goblin zombies (Ossuary)
  A hobgoblin zombie (Ossuary)
  5 kobold zombies (Ossuary)
  An orc zombie (Ossuary)
  2 quokka zombies
  4 rats
  6 rat zombies
490 creatures vanquished.

Vanquished Creatures (others)
  2 orc wizards (Orc:2)
  15 fungi
  21 plants
38 creatures vanquished.

Grand Total: 528 creatures vanquished

Notes
Turn   | Place    | Note
-------+----------+-------------------------------------------
     0 | D:1      | Peloso the Minotaur Fighter began the quest for the Orb.
     0 | D:1      | Reached XP level 1. HP: 19/19 MP: 0/0
   212 | D:1      | Found a faded altar of an unknown god.
   321 | D:1      | Reached XP level 2. HP: 27/27 MP: 1/1
   757 | D:2      | Reached XP level 3. HP: 22/33 MP: 2/2
  1053 | D:2      | Found Ijall's Jewellery Shop.
  1228 | D:2      | Found Vovuokoxa's Weapon Boutique.
  1270 | D:2      | Found Wuamemes's Weapon Shoppe.
  1676 | D:3      | Reached XP level 4. HP: 40/40 MP: 3/3
  2185 | D:4      | Noticed a +0 short sword
  2187 | D:4      | Noticed a +0 spear
  2187 | D:4      | Noticed a +0 falchion
  2187 | D:4      | Noticed a +0 spear
  2188 | D:4      | Noticed a +0 dagger
  2188 | D:4      | Noticed a +0 falchion
  2188 | D:4      | Noticed a +0 short sword
  2188 | D:4      | Noticed a +0 dagger
  2296 | D:4      | Found a sand-covered staircase.
  2308 | D:4      | Reached skill level 4 in Shields
  2425 | Ossuary  | Entered an ossuary
  2431 | Ossuary  | Reached XP level 5. HP: 37/47 MP: 4/4
  2623 | Ossuary  | Reached skill level 1 in Dodging
  3156 | D:4      | Reached skill level 5 in Long Blades
  3181 | D:4      | Found a hide-covered altar of Uskayaw.
  3541 | D:2      | Bought a +1 falchion of flaming for 148 gold pieces
  3592 | D:5      | Entered Level 5 of the Dungeon
  3601 | D:5      | Reached skill level 5 in Armour
  3601 | D:5      | Reached XP level 6. HP: 34/53 MP: 5/5
  3826 | D:5      | Found a staircase to the Ecumenical Temple.
  3846 | Temple   | Entered the Ecumenical Temple
  4262 | D:5      | Noticed Duvessa
  4262 | D:5      | Noticed Dowan
  4285 | D:5      | Killed Duvessa
  4289 | D:5      | Killed Dowan
  4290 | D:5      | Reached XP level 7. HP: 42/60 MP: 6/6
  4935 | D:6      | Reached skill level 5 in Fighting
  4945 | D:6      | Noticed Edmund
  5137 | D:6      | Noticed a steam dragon
  5158 | D:5      | Killed Edmund
  5288 | D:5      | Reached XP level 8. HP: 67/68 MP: 7/7
  5309 | D:5      | Reached skill level 5 in Shields
  5765 | D:6      | Reached skill level 6 in Shields
  5877 | D:6      | Found a burning altar of Makhleb.
  6412 | D:7      | Noticed a two-headed ogre
  6421 | D:7      | Killed a two-headed ogre
  6422 | D:7      | Reached skill level 7 in Shields
  6422 | D:7      | Reached skill level 1 in Evocations
  6422 | D:7      | Reached XP level 9. HP: 33/75 MP: 8/8
  6742 | D:7      | Found a hazy altar of Hepliaklqana.
  6747 | D:7      | Found an iron altar of Okawaru.
  6751 | D:7      | Became a worshipper of Warmaster Okawaru
  6757 | D:7      | Found an opulent altar of Gozag.
  7101 | D:7      | Found a blossoming altar of Fedhas.
  7107 | D:7      | Identified the +12 rapier of Action {venom, rElec Will+
                  | Int+3}
  7276 | D:8      | Noticed Psyche
  7290 | D:7      | Killed Psyche
  7680 | D:8      | Reached skill level 1 in Short Blades
  7729 | D:8      | Reached * piety under Okawaru
  8212 | D:8      | Reached skill level 8 in Shields
  8539 | D:9      | Found a staircase to the Lair.
  8951 | D:9      | Reached skill level 1 in Stealth
  8951 | D:9      | Reached XP level 10. HP: 84/84 MP: 9/9
  9027 | D:9      | Reached skill level 10 in Armour
  9187 | D:9      | Noticed a two-headed ogre
  9195 | D:9      | Killed a two-headed ogre
  9196 | D:9      | Reached skill level 9 in Shields
  9205 | D:9      | Reached ** piety under Okawaru
  9452 | D:10     | Entered Level 10 of the Dungeon
  9478 | D:10     | Noticed Peloso's ghost (novice MiFi)
  9483 | D:10     | Reached skill level 5 in Short Blades
  9499 | D:10     | Found a transporter.
  9502 | D:10     | Noticed a seven-headed hydra
  9502 | D:10     | Noticed a moth of wrath
  9516 | D:10     | Found a transporter.
  9572 | D:10     | Noticed a two-headed ogre
  9580 | D:10     | Killed a two-headed ogre
  9581 | D:10     | Reached skill level 10 in Shields
  9586 | D:10     | Reached *** piety under Okawaru
 10000 | D:10     | Found a staircase to the Orcish Mines.
 10188 | D:10     | Reached XP level 11. HP: 74/92 MP: 10/10
 10395 | D:10     | Reached **** piety under Okawaru
 11093 | D:11     | Noticed a boulder beetle
 11102 | D:11     | Killed a boulder beetle
 11103 | D:11     | Reached skill level 11 in Shields
 11270 | D:11     | Noticed a two-headed ogre
 11279 | D:11     | Killed a two-headed ogre
 11504 | D:11     | Noticed a two-headed ogre
 11511 | D:11     | Killed a two-headed ogre
 11687 | D:11     | Noticed a deep elf pyromancer
 11696 | D:11     | Killed a deep elf pyromancer
 11801 | D:11     | Reached ***** piety under Okawaru
 11802 | D:11     | Reached skill level 1 in Invocations
 11833 | D:11     | Noticed a boulder beetle
 11848 | D:11     | Killed a boulder beetle
 12031 | D:11     | Found a hazy altar of Hepliaklqana.
 12123 | Lair:1   | Entered Level 1 of the Lair of Beasts
 12239 | Lair:1   | Noticed Joseph
 12240 | Lair:1   | Reached skill level 12 in Shields
 12280 | Lair:1   | Received a gift from Okawaru
 12301 | Lair:1   | Killed Joseph
 12435 | Lair:1   | Reached XP level 12. HP: 95/103 MP: 12/12
 12814 | Lair:1   | Noticed Sonja
 12822 | Lair:1   | Killed Sonja
 13222 | Lair:2   | Noticed Fannar
 13231 | Lair:2   | Killed Fannar
 13593 | Lair:2   | Received a gift from Okawaru
 13594 | Lair:2   | Reached skill level 10 in Short Blades
 13614 | Lair:2   | Received a gift from Okawaru
 13837 | Lair:2   | Noticed Maggie
 13838 | Lair:2   | Noticed an eight-headed hydra
 13849 | Lair:2   | Killed Maggie
 13858 | Lair:2   | Killed a one-headed hydra
 13859 | Lair:2   | Reached skill level 13 in Shields
 14033 | Lair:2   | Found a staircase to the Swamp.
 14243 | Lair:2   | Noticed Harold
 14255 | Lair:2   | Killed Harold
 14518 | Lair:3   | Reached skill level 5 in Dodging
 14694 | Lair:3   | Found a staircase to the Snake Pit.
 15302 | Lair:3   | Noticed a six-headed hydra
 15311 | Lair:3   | Killed a one-headed hydra
 15832 | Lair:4   | Noticed a catoblepas
 15857 | Lair:4   | Killed a catoblepas
 16170 | Lair:4   | Noticed a seven-headed hydra
 16183 | Lair:4   | Killed a one-headed hydra
 17081 | D:12     | Reached skill level 10 in Fighting
 17081 | D:12     | Reached XP level 13. HP: 113/113 MP: 14/14
 17119 | D:12     | Received a gift from Okawaru
 17157 | D:12     | Reached skill level 10 in Long Blades
 17804 | Orc:1    | Entered Level 1 of the Orcish Mines
 18718 | Orc:2    | Entered Level 2 of the Orcish Mines
 19870 | Orc:2    | Noticed an orc warlord
 20737 | Orc:1    | Killed an orc warlord
 20851 | Orc:1    | Identified the +0 hat "Xuunuvu" {rC+ Str+9 Int-5 Dex+2}
                  | (Okawaru gifted it to you on level 1 of the Orcish Mines)
 20851 | Orc:1    | Received a gift from Okawaru
 20908 | Orc:2    | Noticed Saint Roka
 21238 | Orc:1    | Reached skill level 14 in Shields
 21382 | Orc:2    | Found a staircase to the Elven Halls.
 21604 | Orc:2    | Found Qath's Antique Armour Shoppe.
 21604 | Orc:2    | Found Nauxt's Antique Weapon Shop.
 21606 | Orc:2    | Found Jilotoow's General Store.
 21608 | Orc:2    | Found Xukaitar's Antique Weapon Emporium.
 21615 | Orc:2    | Bought a scroll of magic mapping for 45 gold pieces
 21615 | Orc:2    | Bought a potion of might for 52 gold pieces
 21620 | Orc:2    | Bought an iridescent long sword for 306 gold pieces
 21620 | Orc:2    | Identified the +4 long sword of Byxzezy {drain, rCorr
                  | Dex+4} (You bought it in a shop on level 2 of the Orcish
                  | Mines)
 22417 | Orc:1    | Killed Saint Roka
 22855 | Orc:2    | Found Otzusipu's CLEARANCE SALE!.
 23706 | D:13     | Reached XP level 14. HP: 111/124 MP: 15/15
 24097 | D:13     | Reached skill level 15 in Shields
 24277 | D:13     | Identified the +10 dagger "Heanemm" {holy, rC+ Dex+6}
                  | (Okawaru gifted it to you on level 13 of the Dungeon)
 24277 | D:13     | Received a gift from Okawaru
 25117 | D:14     | Found a gate to the Vaults.
 25352 | D:14     | HP: 5/124 [slime creature (5)]
 25356 | D:14     | Slain by a slime creature

Illustrated notes

Levels and vault maps discovered:
D:1:      dpeg_arrival_tiny_a, layout_basic,
          hellmonk_ecumenical_altar_pennies_from_heaven, wad_floor_pattern_1,
          minmay_misc_feat_enclosed
D:2:      layout_loops_ring, serial_shops, shop_fountains,
          nicolae_shop_bloodbath_and_beyond, shop,
          chequers_serial_rivers_micro_e, serial_bayou_pond_e
D:3:      layout_rooms, nrook_mini_vaults, minmay_misc_feat_nine_boxes,
          kennysheep_generic_room_7
D:4:      layout_basic, nicolae_uskayaw_en_pointe, enter_ossuary_4
D:5:      layout_loops_ring, minmay_temple_entry_proselytizer, kennysheep_dice,
          uniq_duvessa
D:6:      layout_cave_pools, mainiacjoe_overflow_paths, nrook_campfire,
          ebering_dispersal_statue_hall, uniq_edmund
D:7:      layout_loops_ring, fedhas_altar_3, grunt_temple_overflow_diamond
D:8:      layout_loops_ring, serial_bayou_pond_b, uniq_psyche
D:9:      layout_basic, dpeg_oklobed_lair
D:10:     layout_small_grid, orc_0_dummy, gammafunk_ghost_berserking_beasts,
          serial_glass, glass_columns_b, glass_columns_a, grunt_ogre_cave,
          grunt_decor_arrowhead, grunt_ministairs_9
D:11:     layout_roguey, nicolae_hepliaklqana_hippocampus
D:12:     layout_rooms
D:13:     layout_basic, minmay_misc_feat_five, amcnicky_mini_corridor_feature,
          nicolae_concentric_dashed_squares_mild, drop_trap,
          introduction_to_nature_2
D:14:     layout_cave_pods, david_vaults_2, serial_bayou_lake_a
Temple:   nicolae_temple_elliptical
Lair:1:   layout_regular_city, hibernation_bobbens, uniq_sonja, uniq_joseph
Lair:2:   layout_gridlike, swamp_mist, infiniplex_staircase_pool_2, uniq_maggie,
          uniq_fannar, uniq_harold
Lair:3:   layout_cave_shapes, minmay_snake_entry_guardpost_small, st_stairs_10
Lair:4:   layout_gridlike
Orc:1:    layout_caves, mines3_lemuel
Orc:2:    st_orc_rangers, layout_caves, basic_altar, nicolae_shop_clearance,
          uniq_saint_roka

Skill      XL: |  1  2  3  4  5  6  7  8  9 10 11 12 13 14 |
---------------+-------------------------------------------+-----
Fighting       | 4 5 6 7 8 10 11 | 11.5
Armour         | 4 5 6 8 9 10 12 13 14 | 14.9
Long Blades    | 3 4 5 6 7 8 9 10 | 10.1
Shields        | 4 7 8 10 12 13 14 15 | 15.2
Dodging        | 1 2 3 4 5 |  5.2
Evocations     | 1 |  1.2
Short Blades   | 3 6 9 11 12 13 | 13.2
Stealth        | 1 |  1.8
Invocations    | 2 3 |  3.1

Action                   |  1- 3 |  4- 6 |  7- 9 | 10-12 | 13-15 || total
-------------------------+-------+-------+-------+-------+-------++-------
Melee: Long sword        |    83 |    92 |       |       |       ||   175
       Headbutt          |     7 |    26 |    45 |   127 |   126 ||   331
       Falchion          |       |    52 |   158 |    50 |       ||   260
       Rapier            |       |       |   101 |   439 |   533 ||  1073
Invok: Heroism           |       |       |       |    10 |    11 ||    21
Evoke: Wand              |       |     2 |     7 |     2 |       ||    11
  Use: Scroll            |     3 |    11 |     7 |     6 |     1 ||    28
       Potion            |       |       |     2 |       |     1 ||     3
Armor: Scale mail        |    45 |    74 |    56 |       |       ||   175
       Chain mail        |       |       |    94 |    67 |       ||   161
       Plate armour      |       |       |       |   156 |   257 ||   413
Dodge: Dodged            |    41 |    48 |    63 |   114 |   226 ||   492
Block: Buckler           |    17 |    28 |     1 |    61 |   317 ||   424
       Tower shield      |       |       |   201 |   278 |       ||   479
